Map: Triton LE

Players

Serral - Winner!

  • Race: Zerg Zerg
  • Spawn Location: 11:00

Hellraiser

  • Race: Protoss Protoss
  • Spawn Location: 5:00

VOD

Have the link to the VOD?

Description

Time

  • Played on: Sept. 6, 2019, 7:33 p.m.
  • Length: 11:52
Show
View Real Time Build Order
Export as new Build Order

Serral Zerg - Winner!

Build Orders: Pool First, Muta Ling Bane 

Get SALT Encoding   

  12  0:00  Drone  
  13  0:12  Overlord  
  13  0:17  Drone  
  14  0:31  Drone x2  
  14  0:35  Drone  
  17  0:45  Drone, Extractor  
  17  0:50  Spawning Pool  
  17  0:56  Drone  
  17  1:07  Drone  
  18  1:22  Hatchery  
  18  1:23  Drone  
  18  1:37  Queen  
  18  1:38  Zergling x2  
  21  1:40  Zergling x2  
  21  1:46  Metabolic Boost  
  22  1:55  Overlord  
  22  2:15  Drone x2  
  24  2:17  Queen  
  26  2:25  Drone  
  27  2:35  Pneumatized Carapace  
  27  2:40  Drone x2  
  29  2:48  Drone  
  29  2:49  Drone x4  
  33  2:57  Hatchery  
  32  3:02  Overlord  
  32  3:09  Queen  
  32  3:12  Drone  
  35  3:16  Overlord  
  35  3:20  Drone x2  
  35  3:22  Drone  
  35  3:25  Drone  
  35  3:26  Drone  
  40  3:29  Drone  
  40  3:32  Overlord  
  41  3:35  Drone  
  41  3:40  Drone  
  43  3:44  Drone  
  43  3:47  Queen  
  46  3:51  Drone  
  46  3:52  Roach Warren  
  46  3:58  Drone x3  
  46  4:01  Drone x3  
  52  4:04  Extractor  
  52  4:06  Extractor  
  52  4:08  Queen  
  52  4:09  Drone  
  53  4:14  Drone  
  53  4:16  Lair  
  54  4:22  Zergling x8  
  58  4:28  Overlord  
  58  4:32  Zergling x4  
  58  4:33  Drone x2  
  58  4:35  Drone x2  
  58  4:37  Drone  
  65  4:42  Overlord  
  65  4:43  Drone  
  66  4:47  Evolution Chamber, Extractor  
  66  4:50  Drone x3  
  67  4:57  Overlord  
  67  4:58  Drone x2  
  69  5:02  Drone x3  
  69  5:06  Overlord  
  72  5:12  Drone  
  72  5:14  Drone  
  74  5:15  Zerg Missile Weapons Level 1  
  74  5:18  Spire, Roach  
  75  5:21  Glial Reconstitution  
  75  5:26  Drone, Extractor x2  
  75  5:27  Drone x4  
  75  5:28  Overseer  
  77  5:33  Drone x4  
  81  5:38  Overlord, Drone x2  
  81  5:39  Drone  
  84  5:43  Drone  
  84  5:46  Overlord x2  
  84  5:48  Overlord  
  85  5:56  Roach x3  
  91  6:03  Roach x4  
  99  6:17  Overlord x2  
  99  6:18  Drone  
  100  6:19  Baneling Nest  
  100  6:20  Overlord  
  100  6:23  Hatchery  
  98  6:30  Mutalisk x5  
  108  6:35  Mutalisk x2  
  108  6:36  Mutalisk  
  114  6:46  Roach  
  114  6:47  Roach x5  
  126  6:52  Overlord  
  126  6:53  Overlord  
  126  6:54  Overseer  
  126  7:03  Centrifical Hooks  
  126  7:13  Drone  
  126  7:14  Drone x9  
  136  7:15  Zerg Melee Weapons Level 1  
  136  7:17  Drone  
  136  7:18  Infestation Pit  
  136  7:22  Drone x2  
  138  7:23  Zergling x4  
  140  7:32  Zergling x6  
  140  7:33  Zergling x4  
  140  7:34  Queen  
  140  7:36  Overlord  
  148  7:37  Zergling x10  
  152  7:46  Drone x2  
  152  7:47  Drone  
  152  7:49  Spine Crawler  
  154  7:52  Extractor, Zergling x8  
  154  7:56  Hive  
  157  7:59  Overlord  
  157  8:00  Ravager x4, Hatchery  
  157  8:02  Spore Crawler  
  157  8:04  Zergling x8  
  162  8:09  Drone x2  
  162  8:10  Drone  
  166  8:16  Drone  
  166  8:18  Drone x4  
  170  8:21  Zergling x12  
  176  8:32  Baneling x9  
  176  8:33  Baneling x19  
  176  8:37  Overlord x2  
  176  8:47  Zergling x24  
  180  8:57  Ravager x4  
  180  9:00  Zergling x12  
  175  9:12  Zergling x24  
  173  9:19  Zergling x8  
  174  9:28  Baneling x16  
  174  9:31  Zergling x10  
  172  9:33  Zerg Melee Weapons Level 2  
  172  9:36  Drone  
  172  9:50  Zergling x20  
  172  9:51  Zergling x10  
  187  9:54  Extractor  
  187  9:59  Drone x3  
  189  10:00  Baneling x15  
  189  10:01  Ravager x3  
  189  10:06  Zergling x16  
  200  10:10  Greater Spire  
  200  10:18  Adrenal Glands  
  200  10:21  Baneling x9  
  200  10:22  Baneling x11  
  200  10:27  Baneling x8  
  200  10:29  Extractor  
  200  10:31  Drone  
  200  10:35  Baneling x7  
  200  10:40  Zergling x12  
  200  10:41  Hatchery  
  158  10:50  Zergling x2  
  158  10:51  Zergling x44  
  163  10:57  Zergling x8  
  165  11:04  Baneling x9  
  165  11:05  Baneling x3  
  165  11:06  Zergling x6  
  165  11:09  Zergling x2  
  165  11:10  Zergling x8  
  173  11:11  Baneling  
  173  11:12  Baneling x13  
  173  11:13  Baneling x2  
  173  11:18  Drone x4  
  176  11:22  Baneling x13  
  177  11:28  Drone  
  159  11:34  Zergling x2  
  159  11:35  Zergling x24  
Show
View Real Time Build Order
Export as new Build Order

Hellraiser Protoss 

Build Orders: 1 Gate Expand, Double Forge, Forge Fast Expand (FFE) 

Get SALT Encoding   

  12  0:00  Probe  
  13  0:12  Probe  
  14  0:17  Pylon  
  14  0:23  Probe  
  15  0:31  Probe  
  16  0:36  Gateway  
  16  0:39  Probe  
  17  0:52  Forge  
  17  0:56  Probe  
  18  1:06  Assimilator  
  18  1:08  Probe  
  19  1:20  Probe  
  20  1:28  Cybernetics Core  
  20  1:33  Probe  
  21  1:44  Nexus  
  21  1:48  Probe  
  22  1:56  Pylon  
  22  2:02  Pylon  
  22  2:08  Adept  
  23  2:10  Probe  
  23  2:11  Warp Gate  
  25  2:18  Probe  
  26  2:26  Gateway, Probe  
  27  2:40  Adept  
  27  2:42  Probe  
  30  2:51  Gateway  
  30  2:52  Probe  
  30  2:54  Probe  
  32  3:01  Robotics Facility  
  33  3:06  Probe  
  33  3:07  Pylon  
  33  3:08  Probe  
  34  3:14  Probe  
  34  3:19  Assimilator  
  35  3:20  Probe  
  35  3:22  Probe  
  37  3:32  Assimilator  
  37  3:33  Probe  
  37  3:34  Probe  
  38  3:36  Forge  
  39  3:41  Warp Prism  
  39  3:45  Probe  
  39  3:46  Probe  
  43  3:57  Pylon, Probe  
  43  3:58  Probe  
  43  3:59  Stalker  
  47  4:08  Sentry x2  
  47  4:09  Probe  
  52  4:10  Probe  
  52  4:12  Protoss Ground Weapons Level 1  
  53  4:18  Immortal  
  53  4:21  Probe  
  53  4:22  Probe  
  55  4:27  Assimilator  
  59  4:33  Probe  
  59  4:34  Probe  
  61  4:40  Pylon  
  61  4:45  Pylon, Probe  
  62  4:53  Immortal  
  62  4:56  Nexus  
  62  4:58  Probe x2  
  68  5:10  Probe x2, Sentry  
  68  5:11  Sentry  
  74  5:19  Stalker  
  76  5:22  Probe x2  
  78  5:28  Shield Battery  
  78  5:34  Pylon  
  78  5:37  Robotics Bay  
  78  5:40  Twilight Council  
  78  5:44  Immortal  
  78  5:52  Pylon, Probe x2  
  78  5:53  Pylon  
  84  6:04  Gateway  
  84  6:05  Gateway, Probe x2  
  84  6:08  Gateway, Probe  
  84  6:09  Blink  
  87  6:13  Probe  
  87  6:17  Probe  
  89  6:20  Probe  
  89  6:24  Probe, Protoss Ground Weapons Level 2  
  89  6:25  Disruptor  
  90  6:29  Probe  
  90  6:32  Probe  
  93  6:36  Probe  
  97  6:41  Probe, Assimilator  
  97  6:42  Assimilator  
  97  6:43  Gateway  
  97  6:44  Gateway, Probe  
  99  6:48  Probe  
  99  6:51  Stalker x2  
  99  6:53  Probe, Stalker  
  107  6:58  Shield Battery  
  107  7:06  Pylon  
  107  7:09  Pylon  
  107  7:11  Pylon  
  107  7:12  Stalker x3  
  113  7:17  Stalker x2  
  113  7:19  Pylon  
  117  7:26  Probe  
  117  7:27  Probe  
  115  7:30  Probe  
  115  7:35  Stalker x3  
  118  7:38  Probe  
  118  7:39  Probe  
  118  7:42  Probe  
  121  7:45  Stalker x2  
  125  7:51  Probe  
  125  7:55  Stalker x3  
  132  8:03  Colossus  
  132  8:08  Stalker x5  
  142  8:15  Phoenix  
  142  8:18  Probe x2  
  146  8:20  Pylon  
  146  8:22  Photon Cannon  
  146  8:25  Shield Battery  
  146  8:36  Gravitic Drive, Charge  
  146  8:49  Stalker  
  146  8:50  Colossus, Stalker x3  
  146  8:52  Protoss Ground Armor Level 1  
  145  9:00  Stalker x3  
  157  9:03  Pylon x2  
  153  9:16  Stalker x5  
  141  9:19  Probe x2  
  141  9:33  Colossus  
  141  9:36  Stalker x2  
  141  9:37  Stalker  
  145  9:47  Probe  
  145  9:50  Probe  
  153  9:57  Sentry x3  
  159  10:01  Probe x2  
  159  10:06  Probe  
  159  10:07  Pylon, Nexus  
  162  10:17  Stalker x5  
  162  10:20  Pylon  
  172  10:26  Pylon, Zealot  
  172  10:27  Observer  
  175  10:31  Sentry  
  175  10:32  Sentry  
  175  10:35  Pylon  
  179  10:36  Pylon  
  179  10:38  Probe  
  179  10:40  Probe  
  158  10:48  Probe  
  149  10:54  Probe  
  149  10:55  Probe  
  123  10:59  Stalker x4  
  123  11:00  Probe  
  124  11:06  Probe  
  124  11:08  Probe  
  124  11:11  Sentry x4  
  130  11:12  Probe  
  133  11:22  Stalker x3  
  127  11:38  Stalker x2  
  119  11:40  Stalker x3  
Tags
 
Add a new tag
Caveats
  • Supply blocks, unpowered buildings, or Contaminate may cause inaccurate times.
  • Supply counts are checked every 10 seconds.